 Dungeon Crawl Stone Soup version 0.23-b1-75-g379dba2534 (webtiles) character file.

Game seed: 10263597695741605989

0 LostNumber the Sneak (level 1, -3/10 HPs)
             Began as a Kobold Enchanter on Feb 6, 2019.
             Slain by a kobold
             ... wielding a +0 whip
              (6 damage)
             ... on level 1 of the Dungeon.
             The game lasted 00:00:40 (68 turns).

LostNumber the Sneak (Kobold Enchanter)               Turns: 68, Time: 00:00:41

Health: -3/10      AC:  2    Str:  5    XL:     1   Next: 11%
Magic:  2/3        EV: 15    Int: 16    God:
Gold:   11         SH:  0    Dex: 15    Spells: 3/4 levels left

rFire    . . .     SeeInvis .   a - +1 dagger
rCold    . . .     Gourm    .   (shield restricted)
rNeg     . . .     Faith    .   b - +0 robe
rPois    .         Spirit   .   (no helmet)
rElec    .         Reflect  .   (no cloak)
rCorr    .         Harm     .   (no gloves)
MR       .....                  (no boots)
Stlth    +++.......             (no amulet)
HPRegen  0.03/turn              (no ring)
MPRegen  0.08/turn              (no ring)

@: very slightly contaminated
A: small, carnivore
a: no special abilities


You were on level 1 of the Dungeon.
You were not hungry.

You visited 1 branch of the dungeon, and saw 1 of its levels.

You collected 11 gold pieces.

Inventory:

Hand Weapons
 a - a +1 dagger (weapon)
Armour
 b - a +0 robe (worn)
Scrolls
 c - a scroll of noise {unknown}
Comestibles
 e - a ration {!d}


   Skills:
 + Level 0.0 Fighting
 * Level 1.4 Short Blades
 - Level 2.4 Dodging
 + Level 4.0 Stealth
 + Level 2.2 Spellcasting
 + Level 3.0 Hexes


You had 3 spell levels left.
You knew the following spells:

 Your Spells              Type           Power        Failure   Level  Hunger
a - Corona                Hex            ##.....      6%          1    #......

Your spell library contained the following spells:

 Spells                   Type           Power        Failure   Level  Hunger
 Ensorcelled Hibernation  Hex/Ice        #.....       17%         2    ###....
 Confuse                  Hex            ##......     19%         3    ###....
 Tukima's Dance           Hex            ##......     19%         3    ###....
 Dazzling Spray           Conj/Hex       #.....       32%         3    ###....


Dungeon Overview and Level Annotations

Branches:
Dungeon (1/15)

Altars:


Innate Abilities, Weirdness & Mutations

You are small and have problems with some larger weapons.
You are carnivorous and can eat meat at any time.


Message History

e - a ration Welcome, LostNumber the Kobold Enchanter.
Will you be the one to retrieve the fabulous Orb of Zot from the depths?
Found a staircase leading out of the dungeon.
Okay, then.
Okay, then.
Found a scroll labeled VUZISO EFEYN.
Found 18 stones.
Found a short sword and 11 gold pieces.
Found 19 arrows.
c - a scroll labeled VUZISO EFEYN You now have 11 gold pieces.
You see here 19 arrows.
A ball python comes into view.
The ball python moves out of view.
The ball python closely misses you. The ball python grabs you.
The ball python constricts you. The ball python bites you.
The ball python constricts you.
A ball python is nearby!
A ball python is nearby!
You hit the ball python.
You kill the ball python!
No target in view!
No target in view!
Found a bubbling dark potion.
A kobold comes into view. It is wielding a +0 whip.
The kobold shouts!
A kobold is nearby!
You hit the kobold. The kobold hits you with a +0 whip!
Ouch! That really hurt!
* * * LOW HITPOINT WARNING * * *
There is a dry fountain here.
You see here 18 stones.
The kobold barely misses you.
There is a dry fountain here.
Aim: a kobold, wielding a +0 whip (chance to defeat MR: 64%)
You miscast Corona.
You are very lightly contaminated with residual magic.
Nothing appears to happen.
The kobold hits you with a +0 whip.
Ouch! That really hurt!
You die...

##.# #..# ## .... #..# ..
...##..# #. #########
#.##.. .. ........####
#..#.# .# #
...........####....##.##.##
.⌠...⌠......#..............
........⌠...###............
...≈.....)...##.@...#.##.##
.........⌠...##K##.## #
≈.....≈.........##.#
.......(.⌠...#..##.#
...≈.........#..##!#
........⌠.(.######..
.⌠...⌠......# ###
...........## ........####


You could see a kobold.

Vanquished Creatures
  A ball python (D:1)
1 creature vanquished.

Notes
Turn   | Place    | Note
-------+----------+-------------------------------------------
     0 | D:1      | LostNumber the Kobold Enchanter began the quest for the
                  | Orb.
     0 | D:1      | Reached XP level 1. HP: 10/10 MP: 3/3
    68 | D:1      | Slain by a kobold

Action                   || total
-------------------------++-------
Melee: Dagger            ||     2
Dodge: Dodged            ||     2
